 Dungeon Crawl Stone Soup version 0.31-a0-366-ga77b45bd9b (webtiles) character file.

Game seed: 2800964915144853525

2 Chiseanne the Cutter (level 1, -1/11 HPs)
             Began as an Octopode Wanderer on July 28, 2023.
             Succumbed to a kobold's poison
             ... on level 1 of the Dungeon.
             The game lasted 00:00:36 (43 turns).

Chiseanne the Cutter (Octopode Wanderer)              Turns: 43, Time: 00:00:37

Health: -1/11      AC:  1    Str:  9    XL:     1   Next: 30%
Magic:  1/1        EV: 12    Int: 15    God:
Gold:   23         SH:  0    Dex: 12    Spells: 0/0 levels left

rFire   . . .        a - +0 rapier
rCold   . . .        (no shield)
rNeg    . . .        (helmet restricted)
rPois   .            (no amulet)
rElec   .            (no ring)
rCorr   .            (no ring)
SInv    .            (no ring)
Will    .....        (no ring)
Stlth   ++           (no ring)
HPRegen 0.21/turn    (no ring)
MPRegen 0.07/turn    (no ring)
                     (no ring)

%: no passive effects
@: lethally poisoned (-1 -> -11)
A: almost no armour, amphibious, 8 rings, camouflage 1, gelatinous body 1,
(nimble swimmer 1), tentacles
a: no special abilities


You were on level 1 of the Dungeon.
You visited 1 branch of the dungeon, and saw 1 of its levels.

You collected 23 gold pieces.

Inventory:

Hand Weapons
 a - a +0 rapier (weapon)
Missiles
 f - 6 poisoned darts
Wands
 c - a wand of polymorph (4) (quivered)
Scrolls
 b - a scroll of fog
 d - a scroll of fear
 e - a scroll of amnesia {unknown}
 g - a scroll of identify {unknown}


   Skills:
 * Level 0.2 Fighting
 - Level 5.0 Short Blades
 * Level 0.2 Dodging
 * Level 0.3 Stealth
 - Level 3.0 Unarmed Combat
 - Level 2.1 Evocations


You couldn't memorise any spells.
You didn't know any spells.
Your spell library was empty.

Dungeon Overview and Level Annotations

Branches:
Dungeon (1/15)

Altars:


Innate Abilities, Weirdness & Mutations

You cannot wear most types of armour.
You are amphibious.
You can wear up to eight rings at the same time.
Your skin changes colour to match your surroundings (Stealth+).
Your rubbery body absorbs attacks. (AC +1, EV +1)
((You are camouflaged when in or above water. (Stealth+)))
You have tentacles for arms and can constrict up to eight enemies at once.


Message History

Options error: Unknown explore stop condition 'greedy_sacrificeable' (~/.crawlrc:146) Welcome, Chiseanne the Octopode Wanderer.
Will you be the one to retrieve the fabulous Orb of Zot from the depths?
Press ? for a list of commands and other information.
Found 23 gold pieces and a scroll labelled GOQUN SOTIHEPLULI.
You begin with the following items: a +0 rapier, a scroll of fog, a wand of polymorph (4), a scroll of fear.
e - a scroll labelled GOQUN SOTIHEPLULI You now have 6 gold pieces.
You now have 23 gold pieces (gained 17).
You open the gate.
There is an open gate here.
A bat comes into view.
Found 6 poisoned darts.
Found a scroll labelled BILANI SATESE.
The helpless bat fails to defend itself.
You puncture the bat!
You kill the bat!
f - 6 poisoned darts You see here a bat corpse.
g - a scroll labelled BILANI SATESE A kobold comes into view.
It is wielding a +2 dagger of venom.
The kobold shouts!
You hit the kobold. Your grab misses the kobold.
The kobold is severely wounded.
The kobold hits you with a +2 dagger of venom.
You are lethally poisoned!
You miss the kobold. You grab the kobold.
The kobold is severely wounded.
You constrict the kobold, but do no damage.
You feel very sick.
The kobold hits you with a +2 dagger of venom.
* * * LOW HITPOINT WARNING * * *
You are more poisoned.
You hit the kobold.
You kill the kobold!
* * * LOW HITPOINT WARNING * * *
You feel very sick.
You are too injured to fight recklessly!
You aren't carrying any potions.
You die...

#.# #.# #.#
#.# #.#
...####.#####
............#
#@# #.#
####.# #
#....###.#
#.###....# #
#.#### #.#
♣♣♣ #†# #.♣♣
#.# #..♣


There were no monsters in sight!

Vanquished Creatures
  A kobold (D:1)
  A bat (D:1)
2 creatures vanquished.

Notes
Turn   | Place    | Note
-------+----------+-------------------------------------------
     0 | D:1      | Chiseanne the Octopode Wanderer began the quest for the
                  | Orb.
     0 | D:1      | Chiseanne set off with the following items: a +0 rapier, a
                  | scroll of fog, a wand of polymorph (4), a scroll of fear.
     0 | D:1      | Reached XP level 1. HP: 11/11 MP: 1/1
    43 | D:1      | Succumbed to a kobold's poison

Illustrated notes

Levels and vault maps discovered:
D:1:      kennysheep_arrival_forest, layout_loops_ring,
          shapermc_ecumenical_altar_starsandcircs

Action                     || total
---------------------------++-------
  Melee: Rapier            ||     4
         Constrict         ||     1
   Stab: Sleeping          ||     1

Table legend: (Time is in decaauts)
 A = Elapsed time spent in this place.
 B = Non-inter-level travel time spent in this place.
 C = Inter-level travel time spent in this place.
 D = Time resting spent in this place.
 E = Time spent auto-exploring this place.
 F = Levels seen in this place.
 G = Mean time per level.
                   A        B        C        D        E       F      G
               +--------+--------+--------+--------+--------+-----+--------+
         Total |     42 |     42 |      0 |      0 |      9 |   1 |   42.0 |
       Dungeon |     42 |     42 |      0 |      0 |      9 |   1 |   42.0 |
               +--------+--------+--------+--------+--------+-----+--------+

Top non-repeatable levels by time:
     D:1: 42 daAuts
